AoeStats
← Malik Bhai

Hideout

508216379Analyzed
1v1 RM · 11d ago on Sep 21, 2026· 28m 16s· 2 players
Game mode
Random Map
Map size
Tiny (2 player)
Population
200
Speed
Normal
Resources
Standard
Victory
Conquest
Starting age
Dark Age
Ending age
Imperial Age
RankedLock teamsTeams togetherTeam positionsShared explorationLock speedFull tech treeHidden civsTurbo modeCheats
Victory
Defeat
🇧🇷 Chinese · Brazil
1631
+20
🇵🇰 Ethiopians · Pakistan
1711
-20
Malik Bhai
6:28 Loom
6:40 Loom
8:40 Feudal Age
9:34 Double-Bit Axe
10:48 Fletching
12:06 Horse Collar
20:24 Castle Age
18:59 Padded Archer Armor
21:02 Bodkin Arrow
20:28 Crossbowman
23:12 Town Watch
Maximus
0:27 Loom
9:43 Feudal Age
14:10 Castle Age
Connection lost

Rejoining the realm…

Still unreachable

The connection could not be restored.

Session expired

The server has moved on; the page needs a fresh start.